cohdb
Replays
Latest Replays
All Replays
Popular Replays
Top Player Replays
Match Explorer
How It Works
Community
CoH3 Stats
Reddit
Sign in to upload your games and track your stats! →
Sign in with Steam
Match 45372286
Unlisted
Match 45372286
Overview
Messages
Build Orders
End
Construct Barracks
Selects Advanced Infantry Battlegroup
Riflemen Squad
Riflemen Squad
Grenade Package
Riflemen Squad
Infantry Support Center
Selects Artillery Observers
Construct Medical Station
Riflemen Squad
Construct Weapon Support Center
Selects Convert to Ranger Squad
Selects Frontline Medical Station
Advanced Logistics
Frontline Medical Station
Selects Infantry Assault
Infantry Assault
Munitions Surplus
M1918 Browning Automatic Rifles
Bazooka Squad
Improved M9 Bazooka Rockets
Infantry Assault
Survival Training
Infantry Assault
Bazooka Squad
Riflemen Squad
Riflemen Squad
Infantry Assault
Selects M2A1 105mm Howitzer Emplacement
Selects Free Fire Drills
Infantry Assault
Riflemen Squad
Phan
MrBlueSteel
cumsader
Yttrium
Illusive Man
MathiasCZR01
Urge to Merge
Relic only temp bans maphackers
0
0
Comments
sign in to comment!
No comments posted yet!